 Dungeon Crawl Stone Soup version 0.28.0-1-gb440e238dd (webtiles) character file.

Game seed: 10848835179056203413

2471 spaghetti the Fighter (level 9, -6/75 HPs)
             Began as a Demonspawn Delver on Feb 20, 2022.
             Mangled by Harold (8 damage)
             ... on level 7 of the Dungeon.
             The game lasted 00:11:17 (8752 turns).

spaghetti the Fighter (Demonspawn Delver)           Turns: 8752, Time: 00:11:18

Health: -6/75      AC:  7    Str: 16    XL:     9   Next: 26%
Magic:  9/9        EV: 10    Int: 21    God:
Gold:   209        SH:  6    Dex: 16    Spells: 8/8 levels left

rFire   + . .      SeeInvis .   a - +2 short sword (venom)
rCold   + . .      Faith    .   (no shield)
rNeg    . . .      Spirit   .   j - +1 scale mail {rC+}
rPois   .          Reflect  .   (helmet unavailable)
rElec   .          Harm     .   (no cloak)
rCorr   .          Rampage  .   (no gloves)
Will    .....                   (no boots)
Stlth   +.........              (no amulet)
HPRegen 0.22/turn               e - +6 ring of intelligence
MPRegen 0.11/turn               u - ring of wizardry

@: marked
A: horns 3, large bone plates 2, demonic magic 1, talons 1, agile 1, clever 1,
fire resistance 1
a: no special abilities


You were on level 7 of the Dungeon.
You visited 1 branch of the dungeon, and saw 5 of its levels.

You collected 209 gold pieces.

Inventory:

Hand Weapons
 a - a +2 short sword of venom (weapon)
 b - a +2 hunting sling of freezing
 f - a +0 hand axe
 i - a +0 dagger of speed
Missiles
 h - 3 boomerangs (quivered)
 n - 2 poisoned darts
 q - 54 stones
Armour
 j - a +1 scale mail of cold resistance (worn)
 o - a +0 leather armour
Jewellery
 e - a +6 ring of intelligence (left hand)
 k - a ring of flight
 l - a ring of resist corrosion
 m - a ring of protection from cold
 u - a ring of wizardry (right hand)
Wands
 g - a wand of digging (3)
 r - a wand of acid (4)
 x - a wand of iceblast (6)
Scrolls
 c - a scroll of fog
 d - 2 scrolls of magic mapping
 s - a scroll of identify
 t - 2 scrolls of teleportation
Potions
 v - a potion of magic
 w - a potion of attraction


   Skills:
 + Level 8.8 Fighting
 - Level 5.1 Axes
 + Level 6.5(6.7) Slings
 - Level 2.2(4.7) Throwing
 - Level 1.7 Dodging
 - Level 4.5 Stealth


You had 8 spell levels left.
You didn't know any spells.
Your spell library contained the following spells:

 Spells                   Type           Power      Damage    Failure   Level
 Ignite Poison            Fire/Tmut/Pois 0%         N/A       58%         3
 Mephitic Cloud           Conj/Pois/Air  0%         N/A       58%         3
 Freezing Cloud           Conj/Ice/Air   0%         6-21      99%         5


Dungeon Overview and Level Annotations

Branches:
Dungeon (7/15)             Temple (0/1) D:7

Altars:
Elyvilon
Fedhas
Hepliaklqana
Makhleb
Ru
Wu Jian
Yredelemnul
Zin
The Shining One

Annotations:
D:7 Harold


Innate Abilities, Weirdness & Mutations

You have a pair of large horns on your head.
You are mostly covered in large bone plates. (SH +6)
Spells you cast may paralyse adjacent enemies.
You have sharp toenails.
You are agile. (Dex +2)
Your mind is acute. (Int +2)
Your flesh is heat resistant. (rF+)


Message History

Harold is moderately wounded.
The hound pauses to sniff the ground.
The hound bites you but does no damage. You block Harold's attack.
You block the hound's attack.
You puncture the hound!
You kill the hound!
Harold hits you with a +0 flail!
You barely miss Harold. Your kick misses Harold.
Harold is heavily wounded.
Harold hits you with a +0 flail!!
* * * LOW HITPOINT WARNING * * *
You feel much better. Harold misses you.
A shadow imp comes into view.
You hit Harold.
Harold looks as sick as possible!
You claw Harold, but do no damage. You headbutt Harold, but do no damage.
Harold is heavily wounded.
Harold points at you and mumbles some strange words.
The mark upon you grows brighter.
The shadow imp shouts, "Escape, thou droning hell-hated slime mould!"
You hit the shadow imp but do no damage.
Harold barely misses you. You block the shadow imp's attack.
You hit the shadow imp. Your kick misses the shadow imp.
The shadow imp is severely wounded.
You block Harold's attack. The shadow imp barely misses you.
You block Harold's attack.
You completely miss Harold. You claw Harold, but do no damage.
You headbutt Harold.
Harold is severely wounded.
You block the shadow imp's attack. Harold hits you with a +0 flail!!
* * * LOW HITPOINT WARNING * * *
Okay, then.
Okay, then.
Aiming: Corrosive Bolt
Press: ? - help, Shift-Dir - straight line, f - Harold
Aim: Harold, wielding a +0 flail and wearing a +0 chain mail (severely wounded, extremely poisoned, 86% to hit)
The bolt of acid hits Harold!
Harold is almost dead.
The shadow imp hits you but does no damage.
Harold hits you with a +0 flail!
You die...

#.# #.# #.######.##
#.........#
##########.#######.####
............##........♣
########.......###.###≈♣
##...#### #.# ####
##<#######.# ...#
#.....@@5.# ##.#
#.######### .#.# #'#
.#.# @.. .#.## ....
≈≈§§# >.... ###≈#
....... ≈≈##.+..... .≈⌠#
#


You could see Harold (extremely poisoned) and a shadow imp.

Vanquished Creatures
  Pikel (D:4)
  A hornet (D:5)
  Prince Ribbit (D:7)
  A water moccasin (D:5)
  Edmund (D:6)
  An ice beast (D:6)
  A sky beast (D:6)
  A necrophage (D:6)
  2 ogres
  A phantom (D:5)
  2 lemures
  2 bullfrogs
  A scorpion (D:5)
  A wyvern zombie (D:5)
  An electric eel (D:7)
  A lava snake (D:7)
  2 hounds
  A jelly (D:5)
  A gnoll shaman (D:4)
  An orc priest (D:3)
  3 centaur skeletons
  3 iguanas
  An orc wizard (D:4)
  A hound skeleton (D:4)
  A howler monkey zombie (D:5)
  10 gnolls
  5 adders
  An ufetubus (D:6)
  2 adder skeletons (D:4)
  A worm (D:3)
  A dart slug (D:3)
  15 orcs
  A bat (D:3)
  4 endoplasms
  A giant cockroach (D:4)
  2 goblins (D:4)
  A hobgoblin (D:3)
  3 kobolds (D:3)
  A quokka (D:3)
  2 ball pythons (D:3)
  2 frilled lizards (D:3)
  5 rats (D:3)
90 creatures vanquished.

Vanquished Creatures (others)
  An orc wizard (D:3)
  A goblin (D:4)
  A quokka (D:4)
  18 plants
21 creatures vanquished.

Grand Total: 111 creatures vanquished

Notes
Turn   | Place    | Note
-------+----------+-------------------------------------------
     0 | D:5      | spaghetti the Demonspawn Delver began the quest for the
                  | Orb.
     0 | D:5      | Reached XP level 1. HP: 18/18 MP: 1/1
    96 | D:6      | Noticed a necrophage
   514 | D:5      | Noticed Pikel
   527 | D:4      | Gained mutation: You have a pair of small horns on your
                  | head. [demonic ancestry]
   527 | D:4      | Reached XP level 2. HP: 24/24 MP: 2/2
   775 | D:4      | Gained mutation: You are partially covered in large bone
                  | plates. (SH +4) [demonic ancestry]
   775 | D:4      | Reached XP level 3. HP: 14/29 MP: 3/3
  1189 | D:4      | Found a basalt altar of Yredelemnul.
  1191 | D:4      | Noticed a profane servitor
  1197 | D:4      | Noticed an angel
  1359 | D:4      | Found a hazy altar of Hepliaklqana.
  1363 | D:4      | Noticed an ogre
  1666 | D:4      | Gained mutation: You are frail. (-10% HP) [potion of
                  | mutation]
  1666 | D:4      | Gained mutation: Your magical capacity is low. (-10% MP)
                  | [potion of mutation]
  1667 | D:4      | Lost mutation: You are frail. (-10% HP) [potion of
                  | mutation]
  1667 | D:4      | Lost mutation: Your magical capacity is low. (-10% MP)
                  | [potion of mutation]
  1667 | D:4      | Gained mutation: You possess an exceptional clarity of
                  | mind. [potion of mutation]
  1668 | D:4      | Lost mutation: You possess an exceptional clarity of mind.
                  | [potion of mutation]
  1668 | D:4      | Gained mutation: You have hidden genetic potential. [potion
                  | of mutation]
  1668 | D:4      | Gained mutation: You have a pair of horns on your head.
                  | [potion of mutation]
  1668 | D:4      | Gained mutation: You have great hidden genetic potential.
                  | [potion of mutation]
  1675 | D:4      | Mutation became permanent: You have a pair of small horns
                  | on your head. [demonic ancestry]
  1675 | D:4      | Gained mutation: You have a pair of horns on your head.
                  | [demonic ancestry]
  1675 | D:4      | Reached XP level 4. HP: 32/35 MP: 2/4
  1876 | D:4      | You fall into a shaft and drop 1 floor!
  1992 | D:5      | Gained mutation: You are agile. (Dex +2) [hidden potential]
  2588 | D:3      | Gained mutation: You have a pair of large horns on your
                  | head. [demonic ancestry]
  2588 | D:3      | Reached XP level 5. HP: 18/41 MP: 5/5
  2592 | D:3      | Reached skill level 5 in Axes
  2875 | D:3      | Gained mutation: Your flesh is heat resistant. (rF+)
                  | [hidden potential]
  2875 | D:3      | Lost mutation: You have great hidden genetic potential.
                  | [hidden potential expressed]
  3385 | D:3      | Found a blossoming altar of Fedhas.
  3974 | D:4      | Reached skill level 4 in Fighting
  3974 | D:4      | Reached XP level 6. HP: 39/48 MP: 6/6
  4109 | D:5      | Reached skill level 1 in Throwing
  5171 | D:4      | Killed Pikel
  5172 | D:4      | Reached skill level 6 in Fighting
  5172 | D:4      | Reached XP level 7. HP: 36/58 MP: 7/7
  5181 | D:4      | Gained mutation: You have sharp toenails. [hidden
                  | potential]
  5452 | D:5      | Gained mutation: Spells you cast may paralyse adjacent
                  | enemies. [demonic ancestry]
  5452 | D:5      | Reached XP level 8. HP: 65/65 MP: 8/8
  5767 | D:5      | Noticed a hornet
  5769 | D:5      | Paralysed by a hornet for 2 turns
  5771 | D:5      | Killed a hornet
  5772 | D:5      | Reached skill level 7 in Fighting
  6279 | D:5      | Gained mutation: Your mind is acute. (Int +2) [hidden
                  | potential]
  6279 | D:5      | Lost mutation: You have hidden genetic potential. [hidden
                  | potential expressed]
  6880 | D:6      | Reached skill level 5 in Slings
  7114 | D:6      | Found an ornate altar of the Wu Jian Council.
  7183 | D:6      | Noticed Edmund
  7193 | D:6      | Reached skill level 8 in Fighting
  7211 | D:6      | Killed Edmund
  7604 | D:6      | Gained mutation: You are mostly covered in large bone
                  | plates. (SH +6) [demonic ancestry]
  7604 | D:6      | Reached XP level 9. HP: 66/74 MP: 9/9
  7748 | D:6      | Found a sacrificial altar of Ru.
  8029 | D:7      | Noticed Prince Ribbit
  8048 | D:7      | Killed Prince Ribbit
  8453 | D:7      | Found a staircase to the Ecumenical Temple.
  8512 | D:7      | Found a burning altar of Makhleb.
  8716 | D:7      | Noticed Harold
  8746 | D:7      | HP: 3/75 [Harold (22)]
  8751 | D:7      | HP: 1/75 [Harold (25)]
  8752 | D:7      | Mangled by Harold

Illustrated notes

Levels and vault maps discovered:
D:3:      layout_basic, nicolae_overflow_hidden_temple
D:4:      layout_basic, elyvilon_altar_4, grunt_temple_overflow_holy_war,
          nicolae_hepliaklqana_hazy_memory
D:5:      kennysheep_spiral_hall, layout_layer_cave, marbit_many_paths,
          uniq_pikel
D:6:      layout_basic, nzn_wu_jian_council_hall,
          nicolae_ru_the_path_less_chosen, corexii_item_surrounded_by_moat,
          skrybe_limestone_x, uniq_edmund
D:7:      layout_loops_corners, lightli_temple_of_fire, lemuel_doored_altar,
          minmay_temple_entry_junction, serial_shops, shop, serial_bayou,
          serial_bayou_shore_b, serial_bayou_shore_b, serial_bayou_pond_c,
          serial_bayou_lake_a, serial_bayou_shore_a, serial_bayou_pond_b,
          kennysheep_generic_room_7, uniq_harold, uniq_prince_ribbit1

Skill      XL: |  1  2  3  4  5  6  7  8  9 |
---------------+----------------------------+-----
Axes           | 2 3 4 5 |  5.1
Fighting       | 4 6 8 |  8.8
Throwing       | 2 |  2.2
Slings         | 3 5 6 |  6.5
Dodging        | |  1.7
Stealth        | |  4.5

Action                   |  1- 3 |  4- 6 |  7- 9 || total
-------------------------+-------+-------+-------++-------
Melee: Hand axe          |    73 |    50 |       ||   123
       Headbutt          |     7 |    30 |    31 ||    68
       Punch             |     2 |     6 |     3 ||    11
       Short sword       |       |   108 |   131 ||   239
       Kick              |       |       |    59 ||    59
Throw: Boomerang         |       |       |     2 ||     2
Evoke: Wand              |       |       |     1 ||     1
  Use: Potion            |     5 |     4 |     2 ||    11
       Scroll            |     1 |     5 |     4 ||    10
 Stab: Sleeping          |     2 |     1 |     1 ||     4
       Invisible         |       |     4 |       ||     4
       Distracted        |       |       |     1 ||     1
Armor: Leather armour    |    12 |       |       ||    12
       Scale mail        |     6 |    47 |    45 ||    98
Dodge: Dodged            |    33 |    68 |    42 ||   143
Block: Other             |     9 |    21 |    31 ||    61
